 Dungeon Crawl Stone Soup version 0.31-a0-853-gc9b61b78f7 (webtiles) character file.

Game seed: 4443048920105962179

737 CrazyBamboolord the Charlatan (level 8, -4/48 HPs)
             Began as a Kobold Artificer on Oct 8, 2023.
             Killed by nerve-wracking pain
             ... invoked by an orc priest
              (14 damage)
             ... on level 4 of the Dungeon.
             The game lasted 00:13:15 (5055 turns).

CrazyBamboolord the Charlatan (Kobold Artificer)    Turns: 5055, Time: 00:13:16

Health: -4/48      AC:  8    Str:  9    XL:     8   Next: 4%
Magic:  8/8        EV: 16    Int: 12    God:
Gold:   127        SH:  0    Dex: 18    Spells: 7/7 levels left

rFire   . . .        i - +0 dagger
rCold   . . .        (no shield)
rNeg    . . .        b - +0 leather armour
rPois   .            r - +2 helmet
rElec   .            z - +0 cloak
rCorr   .            s - +0 pair of gloves
SInv    +            (no boots)
Will    .....        (no amulet)
Stlth   ++++         f - ring of flight
HPRegen 0.28/turn    t - ring of see invisible
MPRegen 0.11/turn

%: no passive effects
@: flying
A: small, no large weapons, nightstalker 3
a: no special abilities


You were on level 4 of the Dungeon.
You visited 1 branch of the dungeon, and saw 5 of its levels.

You collected 127 gold pieces.

Inventory:

Hand Weapons
 i - a +0 dagger (weapon)
Missiles
 h - a throwing net
Armour
 b - a +0 leather armour (worn)
 e - a +0 ring mail of poison resistance
 r - a +2 helmet (worn)
 s - a +0 pair of gloves (worn)
 z - a +0 cloak (worn)
Jewellery
 f - a ring of flight (left hand)
 t - a ring of see invisible (right hand)
Wands
 c - a wand of flame (6)
 d - a wand of charming (15)
 u - a wand of polymorph (4)
Scrolls
 a - 2 scrolls of teleportation
 j - a scroll of immolation
 l - a scroll of fog {unknown}
 m - 2 scrolls of noise
 n - 2 scrolls of revelation
 q - a scroll of vulnerability {unknown}
 x - a scroll of blinking {unknown}
 y - a scroll of summoning {unknown}
Potions
 g - 4 potions of enlightenment
 k - a potion of heal wounds {unknown}
 o - a potion of mutation {unknown}
 p - 2 potions of curing
 v - 2 potions of resistance
 w - a potion of degeneration {unknown}


   Skills:
 * Level 4.2 Fighting
 + Level 3.5 Short Blades
 - Level 0.7 Armour
 * Level 5.1 Dodging
 * Level 5.5 Stealth
 * Level 5.9 Evocations


You had 7 spell levels left.
You didn't know any spells.
Your spell library contained the following spells:

 Spells                   Type           Power      Damage    Failure   Level
 Slow                     Hex            0%         N/A       41%         1
 Confusing Touch          Hex            0%         N/A       80%         3
 Sigil of Binding         Hex            0%         N/A       80%         3
 Vampiric Draining        Necr           0%         2d6       80%         3


Dungeon Overview and Level Annotations

Branches:
Dungeon (5/15)             Temple (0/1) D:5

Altars:
Elyvilon
Kikubaaqudgha
Nemelex Xobeh
Qazlal
Ru
Xom


Innate Abilities, Weirdness & Mutations

You are small and have problems with some larger weapons.
You are completely attuned to the shadows.


Message History

You barely miss the orc priest.
The orc priest is moderately wounded.
You hit the orc priest.
The orc priest is moderately wounded.
The orc priest completely misses you.
You hit the orc priest.
The orc priest is heavily wounded.
The orc priest calls down the wrath of Beogh upon you.
You struggle to resist.
You hit the orc priest but do no damage.
The orc priest is heavily wounded.
The orc priest mumbles some strange prayers to Beogh against you.
You struggle to resist.
You hit the orc priest but do no damage.
The orc priest is heavily wounded.
The orc priest closely misses you.
You hit the orc priest but do no damage.
The orc priest is heavily wounded.
You barely miss the orc priest.
The orc priest is heavily wounded.
The orc priest completely misses you.
You barely miss the orc priest.
The orc priest is heavily wounded.
The orc priest mumbles some strange prayers to Beogh against you.
Beogh smites you!
* * * LOW HITPOINT WARNING * * *
You barely miss the orc priest.
The orc priest is heavily wounded.
The orc priest closely misses you.
You barely miss the orc priest.
The orc priest is heavily wounded.
The orc priest closely misses you.
Aiming: Throw Flame
Press: ? - help, Shift-Dir - straight line, f - orc priest
Aim: an orc priest, wielding a +0 hand axe and wearing a +0 leather armour (heavily wounded, 74% to hit)
The puff of flame hits the orc priest.
The orc priest is almost dead.
The orc priest calls down the wrath of Beogh upon you.
Pain shoots through your body!
You die...

####### ########## ###
#.....# #........#####..
#.....# #........##.....
#.....# #........##.#...
#.....# #........##...PP
#.....###..........)..P.
#.....[@o...............
##...####รท.............P
#...####.............PP
###....#...............
####.###.####.......#
#..#.# #.## #.#######
#....# #..###...#####
#######.###
##....##......
#.........# ####..##.....


You could see an orc priest.

Vanquished Creatures
  Sigmund (D:3)
  An ogre (D:3)
  A scorpion (D:4)
  3 hounds (D:4)
  An orc priest (D:5)
  A sleepcap (D:4)
  2 iguanas (D:4)
  3 orc wizards
  3 adders
  3 worms
  12 dart slugs
  14 orcs
  7 endoplasms
  A giant cockroach (D:2)
  9 hobgoblins
  9 jackals
  2 quokkas
  4 ball pythons
  7 bats
  4 frilled lizards
  8 goblins
  5 kobolds
  8 rats
109 creatures vanquished.

Notes
Turn   | Place    | Note
-------+----------+-------------------------------------------
     0 | D:1      | CrazyBamboolord the Kobold Artificer began the quest for
                  | the Orb.
     0 | D:1      | Reached XP level 1. HP: 12/12 MP: 1/1
   197 | D:1      | Reached XP level 2. HP: 11/16 MP: 2/2
   619 | D:1      | Reached XP level 3. HP: 21/21 MP: 3/3
  1283 | D:2      | Reached skill level 1 in Short Blades
  1362 | D:2      | Reached XP level 4. HP: 26/26 MP: 4/4
  2193 | D:3      | Reached XP level 5. HP: 29/31 MP: 5/5
  2244 | D:3      | Found a sacrificial altar of Ru.
  2442 | D:3      | Noticed Sigmund
  2449 | D:3      | Killed Sigmund
  2450 | D:3      | Reached skill level 5 in Evocations
  2450 | D:3      | Reached XP level 6. HP: 37/37 MP: 6/6
  2771 | D:3      | Noticed an ogre
  2775 | D:3      | Killed an ogre
  2796 | D:3      | Reached XP level 7. HP: 41/41 MP: 7/7
  2911 | D:3      | Found a faded altar of an unknown god.
  3418 | D:4      | Found a shimmering altar of Xom.
  3430 | D:4      | Found a stormy altar of Qazlal.
  3610 | D:4      | Found a white marble altar of Elyvilon.
  4045 | D:4      | Reached skill level 5 in Stealth
  4155 | D:4      | Found a sparkling altar of Nemelex Xobeh.
  4314 | D:4      | Noticed Edmund
  4335 | D:4      | Found an ancient bone altar of Kikubaaqudgha.
  4439 | D:4      | Edmund changed into Edmund the scorpion
  4439 | D:4      | Noticed Edmund
  4480 | D:4      | Killed Edmund the scorpion
  4737 | D:5      | Entered Level 5 of the Dungeon
  4780 | D:4      | Reached skill level 5 in Dodging
  4814 | D:4      | Reached XP level 8. HP: 17/48 MP: 8/8
  5055 | D:4      | Killed from afar by an orc priest

Illustrated notes

Levels and vault maps discovered:
D:1:      dpeg_arrival_boxorama, layout_loops_ring, palyth_stone_intersect,
          minivault_25, hangedman_decor_diamond_cutter
D:2:      layout_loops_ring
D:3:      kennysheep_slugbush, layout_basic, mainiacjoe_overflow_catwalk,
          shapermc_ecumenical_altar_mp_vishouse, serial_bayou_pond_a,
          minmay_curled_crystal, mrwooster_statue_mirror, uniq_sigmund
D:4:      layout_basic, nemelex_dance_club_becter, lemuel_tele_altar,
          elyvilon_altar_1, mainiacjoe_overflow_catch_the_wave, uniq_edmund
D:5:      layout_basic, minmay_temple_entry_proselytizer,
          cheibrodos_sewer_entry_sluice

Skill      XL: |  1  2  3  4  5  6  7 |
---------------+----------------------+-----
Stealth        | 2 3 4 5 |  5.5
Evocations     | 4 5 |  5.9
Dodging        | 3 4 5 |  5.1
Fighting       | 2 3 4 |  4.2
Short Blades   | 1 2 3 |  3.5
Armour         | |  0.7

Action                     |  1- 3 |  4- 6 |  7- 9 || total
---------------------------+-------+-------+-------++-------
  Melee: Club              |    59 |       |       ||    59
         Dagger            |    93 |   199 |   373 ||   665
         Punch             |     1 |     3 |     4 ||     8
  Evoke: Wand              |     3 |     1 |    11 ||    15
    Use: Scroll            |       |     2 |     6 ||     8
   Stab: Sleeping          |    17 |    12 |     4 ||    33
         Distracted        |       |       |     1 ||     1
 Armour: Leather armour    |    71 |   102 |   169 ||   342
  Dodge: Dodged            |   121 |   159 |   286 ||   566

Table legend: (Time is in decaauts)
 A = Elapsed time spent in this place.
 B = Non-inter-level travel time spent in this place.
 C = Inter-level travel time spent in this place.
 D = Time resting spent in this place.
 E = Time spent auto-exploring this place.
 F = Levels seen in this place.
 G = Mean time per level.
                   A        B        C        D        E       F      G
               +--------+--------+--------+--------+--------+-----+--------+
         Total |   5006 |   4781 |    225 |    419 |   3183 |   5 | 1001.2 |
       Dungeon |   5006 |   4781 |    225 |    419 |   3183 |   5 | 1001.2 |
               +--------+--------+--------+--------+--------+-----+--------+

Top non-repeatable levels by time:
     D:4: 1655 daAuts
     D:3: 1301 daAuts
     D:1: 1216 daAuts
     D:2: 793 daAuts
     D:5: 39 daAuts
